[Event "Chpt Reg Jeunes Occitanie 2026 - Espalion"]
[Site "Espalion, France"]
[Round "7.18"]
[ECO "?"]
[Annotator "?"]
[TimeControl "1h30 + 30sec/cp"]

1. e4 e6 2. d4 d5 3. e5 Ne7 4. Bd3 Qd7 5. Nf3 b6 6. O-O Ba6 7. Bxa6 Nxa6 8. a3 c5 9. c3 Nb8 10. b4 Ng6 11. Re1 Be7 12.
Nbd2 a5 13. bxc5 bxc5 14. a4 O-O 15. Nf1 Nc6 16. Ba3 c4 17. Bxe7 Qxe7 18. Qc2 Rfb8 19. Reb1 Na7 20. Rxb8+ Rxb8 21. Rb1 Qc7 22. Rxb8+ Qxb8 23.
Ne3 Nf4 24. Nd2 Qb7 25. h3 Nc8 26. Nd1 Nd3 27. Kf1 Nf4 28. Kg1 h6 29. Nb2 Ne7 30. h4 Nc6 31. g3 Ng6 32. h5 Nf8 33. Kf1 Qe7 34. f4 Qb7 35. Kf2 Ne7 36. g4 Nc8 37. Kg3 Ne7 38. Kf2 g6 39. Nf1 Nc6 1/2-1/2

[White "PRIOL RAMIERE, Sullivan"]
[Black "BIBIK, Artur"]
[WhiteElo "1646"]
[BlackElo "1540"]
[Result "1/2-1/2"]
[Date "2026.03.07"]

[Event "Chpt Reg Jeunes Occitanie 2026 - Espalion"]
[Site "Espalion, France"]
[Round "7.19"]
[ECO "?"]
[Annotator "?"]
[TimeControl "1h30 + 30sec/cp"]

1. d4 d5 2. Nc3 Bf5 3. Bf4 a6 4. e3 Nf6 5. h3 e6 6. Nf3 Bb4 7. a3 Bxc3+ 8. bxc3 O-O 9. c4 c5 10. Nh4 Ne4 11.
Nf3 Qa5+ 12. Nd2 Qc3 13. Ra2 dxc4 14. f3 Nf6 15. Qa1 cxd4 16. exd4 Qxa1+ 17. Rxa1 c3 18. Nc4 Nd5 19. Bd6 Rd8 20. Bc5 Bxc2 21. Rc1 Bb3 22. Na5 Ba2 23. Nxb7 1/2-1/2

[White "POUNCHOU-GUILHAMOT, Martin"]
[Black "BAROUKH, Pau"]
[WhiteElo "1645"]
[BlackElo "1712"]
[Result "1-0"]
[Date "2026.03.07"]

[Event "Chpt Reg Jeunes Occitanie 2026 - Espalion"]
[Site "Espalion, France"]
[Round "7.20"]
[ECO "?"]
[Annotator "?"]
[TimeControl "1h30 + 30sec/cp"]

1. e4 e6 2.
d4 d5 3. e5 c5 4. c3 Nc6 5. Nf3 cxd4 6. cxd4 Bb4+ 7. Nc3 f6 8. a3 Bxc3+ 9. bxc3 fxe5 10. dxe5 Nge7 11. Bd3 b6 12. O-O Bb7 13. Qa4 Qd7 14. Qg4 O-O-O 15. Re1 h5 16. Qh3 Nf5 17. Bxf5 exf5 18. e6 Qd6 19. Qxf5 Rdf8 20. Qg5 Qe7 21. Qxe7 Nxe7 22. a4 Rhg8 23. Ba3 Kd8 24. Ne5 Re8 25. Nf7+ Kc7 26. Nd6 Ng6 27. Nxe8+ Rxe8 28. Rad1 Nf4 29. e7 Ba6 30. Rd2 Bc4 31. Re5 h4 32. Rf5 Ng6 33. Rf7 d4 34. Rxg7 dxc3 35. Rc2 Nf4 36. Kh1 Ne2 37. f4 Bd3 38. Rxe2 Bxe2 39. f5 c2 40. f6 Kb7 41. f7 Rc8 42. Bc1 1-0

[White "LABARBE, Gabriel"]
[Black "BENYETTOU, Louis"]
[WhiteElo "1731"]
[BlackElo "1841"]
[Result "1/2-1/2"]
[Date "2026.03.07"]

[Event "Chpt Reg Jeunes Occitanie 2026 - Espalion"]
[Site "Espalion, France"]
[Round "8.16"]
[ECO "?"]
[Annotator "?"]
[TimeControl "1h30 + 30sec/cp"]

1. e4 e6 2.
d4 d5 3.
exd5 exd5 4. Nf3 Nf6 5. Bd3 c5 6. c3 c4 7.
Bc2 Bd6 8.
O-O O-O 9.
Re1 h6 10.
h3 Nc6 11.
Be3 Rb8 12. Nbd2 Re8 13. Nf1 Qc7 14. Qd2 Ne4 15. Bxe4 Rxe4 16. Re2 Ne7 17. Rae1 Nf5 18. g4 Nxe3 19. Nxe3 Qc6 20. Qc2 Bd7 21. Nh4 g6 22. b3 b5 1/2-1/2

[White "ROGIER, Shayan"]
[Black "POUNCHOU-GUILHAMOT, Martin"]
[WhiteElo "1585"]
[BlackElo "1645"]
[Result "0-1"]
[Date "2026.03.07"]

[Event "Chpt Reg Jeunes Occitanie 2026 - Espalion"]
[Site "Espalion, France"]
[Round "8.17"]
[ECO "?"]
[Annotator "?"]
[TimeControl "1h30 + 30sec/cp"]

1. d4 d5 2.
c4 e6 3.
Nc3 Nf6 4.
cxd5 exd5 5. Bg5 Be7 6. Qc2 c6 7. e3 h6 8.
Bf4 Nbd7 9.
Bd3 O-O 10.
Nge2 b5 11. a3 Bb7 12. O-O Nb6 13. b3 a5 14. a4 b4 15. Nb1 Rc8 16. Nd2 c5 17. dxc5 Rxc5 18. Qb2 Qa8 19. Be5 Nbd7 20. Bd4 Rc7 21. Nf3 Ba6 22. Bxa6 Qxa6 23. Ng3 Rfc8 24. Rac1 Qd3 25.
Rcd1 Qg6 26. Nh4 Qc2 27. Ngf5 Bf8 28. Nf3 Qxf5 29. Rc1 Rc2 30. Rxc2 Rxc2 31. Qb1 Qe4 32. Ne1 Rc8 33. Qd1 Qe6 34. Qe2 Qc6 35. Nd3 Ne4 36.
Rc1 Qxc1+ 37. Qf1 0-1

[White "BIBIK, Artur"]
[Black "BAILLA, Yasmine"]
[WhiteElo "1540"]
[BlackElo "1618"]
[Result "1-0"]
[Date "2026.03.07"]

[Event "Chpt Reg Jeunes Occitanie 2026 - Espalion"]
[Site "Espalion, France"]
[Round "8.18"]
[ECO "?"]
[Annotator "?"]
[TimeControl "1h30 + 30sec/cp"]

1. e4 e5 2.
Nf3 Nc6 3.
d4 exd4 4.
Nxd4 Bc5 5.
Be3 Qf6 6.
c3 Nge7 7.
Bc4 O-O 8.
O-O d6 9.
Nxc6 Nxc6 10. Bxc5 dxc5 11. Bb5 a6 12. Be2 Qg6 13. Nd2 Rd8 14. f4 b5 15. Bf3 Bb7 16. f5 Qh6 17. Rf2 Ne5 18. Qc2 Qe3 19. Nf1 Nxf3+ 20. gxf3 Qg5+ 21. Rg2 Qf4 22. Rg3 c4 23. Qc1 Qe5 24. Ne3 Rd3 25. Ng4 Qc5+ 26. Kh1 Kh8 27. Qg5 Qf8 28. Rag1 f6 29. Qh5 Qe8 30.
Qxh7+ Kxh7 31. Nxf6+ Kh8 32. Rh3+ Qh5 33. Rxh5# 1-0

[White "TOURETTE, Maxence"]
[Black "LEMOINE, Luka"]
[WhiteElo "1709"]
[BlackElo "1691"]
[Result "1-0"]
[Date "2026.03.07"]

[Event "Chpt Reg Jeunes Occitanie 2026 - Espalion"]
[Site "Espalion, France"]
[Round "8.19"]
[ECO "?"]
[Annotator "?"]
[TimeControl "1h30 + 30sec/cp"]

1. d4 d5 2.
Nc3 Nf6 3.
Bf4 a6 4.
e3 e6 5.
Nf3 c5 6.
dxc5 Bxc5 7. Bd3 Nc6 8. O-O O-O 9. e4 b5 10. e5 Nd7 11. Bxh7+ Kxh7 12. Ng5+ Kg6 13. Qd3+ f5 14. Qg3 Qe7 15. h4 Rh8 16. Nxe6+ Kh7 17. Ng5+ Kg8 18. Nxd5 Qe8 19. Nc7 Qe7 20.
Qb3+ Kf8 21. Nge6+ Kg8 22. Nxc5+ 1-0

[White "AMRANE, Samy-Islam"]
[Black "ROUANET, Henri"]
[WhiteElo "1809"]
[BlackElo "1569"]
[Result "1-0"]
[Date "2026.03.07"]

[Event "Chpt Reg Jeunes Occitanie 2026 - Espalion"]
[Site "Espalion, France"]
[Round "8.20"]
[ECO "?"]
[Annotator "?"]
[TimeControl "1h30 + 30sec/cp"]

1. e4 Nc6 2. d4 e5 3.
d5 Nce7 4.
Nf3 Ng6 5. c4 Nf6 6. Nc3 Bb4 7. Qc2 d6 8. Be2 O-O 9. O-O Nh5 10. Nxe5 Nxe5 11.
Bxh5 g6 12. Be2 f5 13. Bf4 Nf7 14.
exf5 Bxf5 15. a4 a5 16. Qb3 Qf6 17. Be3 Ne5 18. Qd1 Qh4 19. Qd4 Qf6 20. f4 Nd7 21. Qxf6 Nxf6 22. Bd4 Rae8 23. Rfe1 Ne4 24. Rad1 Re7 25. Bf1 Rfe8 26. Nxe4 Bxe4 27. Bd3 Bxd3 28. Rxe7 Rxe7 29. Rxd3 Rf7 30.
g3 Kf8 31. Re3 Rf5 32. Kg2 Kf7 33.
Kf3 Kf8 34. Re6 Rf7 35. Rf6 Rxf6 36.
Bxf6 1-0

[White "BENYETTOU, Louis"]
[Black "BIBIK, Artur"]
[WhiteElo "1841"]
[BlackElo "1540"]
[Result "1-0"]
[Date "2026.03.08"]

[Event "Chpt Reg Jeunes Occitanie 2026 - Espalion"]
[Site "Espalion, France"]
[Round "9.16"]
[ECO "?"]
[Annotator "?"]
[TimeControl "1h30 + 30sec/cp"]

1. e4 c5 2.
c3 Nf6 3.
e5 Nd5 4.
Nf3 Nc6 5.
Bc4 Nb6 6.
Bb3 c4 7.
Bc2 Qc7 8.
O-O Nxe5 9.
Nxe5 Qxe5 10. Re1 Qc7 11. a4 g6 12. a5 Nd5 13. Qf3 Nf6 14.
Qxf6 Rg8 15. d4 cxd3 16. Bxd3 Kd8 17. Qxf7 Rh8 18. Be3 d6 19. Bd4 e5 20. Qf6+ 1-0

[White "POUNCHOU-GUILHAMOT, Martin"]
[Black "TOURETTE, Maxence"]
[WhiteElo "1645"]
[BlackElo "1709"]
[Result "1/2-1/2"]
[Date "2026.03.08"]

[Event "Chpt Reg Jeunes Occitanie 2026 - Espalion"]
[Site "Espalion, France"]
[Round "9.17"]
[ECO "?"]
[Annotator "?"]
[TimeControl "1h30 + 30sec/cp"]

1. e4 Nc6 2. d4 d5 3. e5 f6 4. exf6 Nxf6 5. c3 e5 6. dxe5 Nxe5 7. h3 Bc5 8. Bf4 Ng6 9. Qe2+ Kf7 10. Be3 Bxe3 11. fxe3 Ne4 12.
Qf3+ Ke8 13. g3 Rf8 14. Qg2 Qg5 15. Nd2 Qxe3+ 16. Qe2 Qxg3+ 17. Kd1 Nf4 18. Qb5+ c6 19. Nxe4 Qg6 20. Qa4 dxe4 21. Ne2 Nxe2 22. Bxe2 Rf2 23. Qd4 Rf5 24.
Qxe4+ Qe6 25. Qxe6+ Bxe6 26. Bg4 Rd5+ 27. Kc2 Bxg4 28. hxg4 h6 29. Rae1+ Kd8 1/2-1/2

[White "PICARD, Martin"]
[Black "LABARBE, Gabriel"]
[WhiteElo "1505"]
[BlackElo "1731"]
[Result "0-1"]
[Date "2026.03.08"]

[Event "Chpt Reg Jeunes Occitanie 2026 - Espalion"]
[Site "Espalion, France"]
[Round "9.18"]
[ECO "?"]
[Annotator "?"]
[TimeControl "1h30 + 30sec/cp"]

1. d4 Nf6 2. c4 c5 3.
d5 e6 4.
Nc3 exd5 5.
cxd5 d6 6.
e4 g6 7.
Nf3 a6 8.
a4 Bg4 9.
Be2 Bg7 10.
Bf4 O-O 11. O-O Bxf3 12. Bxf3 Qe7 13. Re1 Nbd7 14. Rc1 Rfe8 15. Qd2 Rab8 16. a5 Ne5 17. Qe2 b5 18. axb6 Rxb6 19. Rc2 Nfd7 20.
Bxe5 Nxe5 21. Rec1 Qg5 22. g3 Rxb2 23. Bg2 Qxc1+ 24. Rxc1 Rxe2 25. Nxe2 Nd3 26. Rc2 a5 27. Ra2 Ra8 28. Ra3 c4 29. Bf1 a4 30. f4 Bb2 31. Ra2 c3 32. Nxc3 Bxc3 33.
Bxd3 a3 34. Bb5 Rb8 35. Bc6 Rb1+ 0-1

[White "DUBUC SAFFRE, Felix"]
[Black "AMRANE, Samy-Islam"]
[WhiteElo "1616"]
[BlackElo "1809"]
[Result "1/2-1/2"]
[Date "2026.03.08"]

[Event "Chpt Reg Jeunes Occitanie 2026 - Espalion"]
[Site "Espalion, France"]
[Round "9.19"]
[ECO "?"]
[Annotator "?"]
[TimeControl "1h30 + 30sec/cp"]

1. d4 d5 2.
c4 e6 3. g3 Nf6 4. Bg2 c6 5. Nf3 Be7 6. O-O O-O 7. Bg5 Nbd7 8. Nc3 b6 9. Qa4 Bb7 10.
Rac1 Re8 11. Rfd1 h6 12. Bf4 dxc4 13. Qxc4 Nd5 14. Nxd5 exd5 15. Qd3 Bf6 1/2-1/2

[White "PRIOL RAMIERE, Sullivan"]
[Black "BONDAR, Marko"]
[WhiteElo "1646"]
[BlackElo "1609"]
[Result "1-0"]
[Date "2026.03.08"]